 Dungeon Crawl Stone Soup version 0.21-a0-442-g848f44b (webtiles) character file.

1827 theanonym the Ruffian (level 8, -1/70 HPs)
             Began as a White Draconian Transmuter on Nov 15, 2017.
             Slain by Gildeon's ghost (11 damage)
             ... on level 7 of the Dungeon on Nov 16, 2017.
             The game lasted 00:22:39 (9430 turns).

theanonym the Ruffian (White Draconian Transmuter)  Turns: 9430, Time: 00:22:39

Health: -1/70      AC:  6    Str: 13    XL:     8   Next: 86%
Magic:  21/24      EV: 10    Int: 16    God:
Gold:   353        SH:  0    Dex: 11    Spells: 3/17 levels left

rFire    x . .     SeeInvis .     - Unarmed
rCold    + + +     Gourm    .   (shield currently unavailable)
rNeg     . . .     Faith    .   (armour unavailable)
rPois    +         Spirit   .   (helmet currently unavailable)
rElec    .         Reflect  .   (cloak currently unavailable)
rCorr    +         Harm     .   (gloves currently unavailable)
MR       .....                  (boots currently unavailable)
Stlth    +.........             (no amulet)
HPRegen  0.21/turn              d - ring of magical power {MP+9}
MPRegen  0.19/turn              x - ring of resist corrosion

@: about to teleport, ice-form
A: (breathe frost), unfitting armour, AC +6
a: End Transformation


Innate Abilities, Weirdness & Mutations

((You can breathe waves of freezing cold.))
((You can buffet flying creatures when you breathe cold.))
((Your icy white scales are hard. (AC +6)))
You cannot fit into any form of body armour.
((Your flesh is cold resistant. (rC+)))
((You are cold-blooded and may be slowed by cold attacks.))


   Skills:
 - Level 1.1 Fighting
 - Level 1.7 Dodging
 + Level 6.5 Unarmed Combat
 - Level 5.0 Spellcasting
 + Level 6.1 Transmutations
 * Level 5.9 Ice Magic
 - Level 3.0 Poison Magic


You had 3 spell levels left.
You knew the following spells:

 Your Spells              Type           Power        Failure   Level  Hunger
b - Blade Hands           Tmut           ###.......   32%         5    ######.
i - Ice Form              Ice/Tmut       ###.....     12%         4    ####...
s - Spider Form           Tmut/Pois      ###.......   7%          3    ###....
v - Sticks to Snakes      Tmut           ###.....     1%          2    #......

Skill      XL: |  1  2  3  4  5  6  7  8 |
---------------+-------------------------+-----
Transmutations | 3 4 5 6 |  6.1
Poison Magic   | 1 2 3 |  3.0
Spellcasting   | 3 4 5 |  5.0
Unarmed Combat | 4 5 6 |  6.5
Ice Magic      | 2 5 |  5.9
Fighting       | |  1.1
Dodging        | |  1.7

Action                   |  1- 3 |  4- 6 |  7- 9 || total
-------------------------+-------+-------+-------++-------
Melee: Unarmed           |   118 |   215 |   280 ||   613
       Tailslap          |    13 |    10 |    24 ||    47
       Kick              |    15 |     2 |       ||    17
       Punch             |     2 |     3 |     6 ||    11
       Headbutt          |     3 |     3 |     1 ||     7
 Cast: Beastly Appendage |    15 |     4 |     2 ||    21
       Spider Form       |     1 |     9 |    17 ||    27
       Sticks to Snakes  |       |       |     1 ||     1
       Ice Form          |       |       |     6 ||     6
  Use: Potion            |       |     2 |     4 ||     6
       Scroll            |       |     3 |     8 ||    11
 Stab: Sleeping          |       |     2 |     1 ||     3
  Eat: Chunk             |     3 |     2 |     6 ||    11
       Bread ration      |       |     2 |     2 ||     4
       Royal jelly       |       |     1 |       ||     1
Armor: Skin              |    31 |    41 |    54 ||   126
Dodge: Dodged            |    81 |   146 |   153 ||   380

Inventory:

Missiles
 a - 58 arrows
Armour
 j - a +0 pair of boots (melded)
   (You found it on level 1 of the Dungeon)
 A - a +0 pair of gloves (melded)
   (You found it on level 6 of the Dungeon)
Jewellery
 d - a ring of magical power (left front paw) {MP+9}
   (You found it on level 4 of the Dungeon)
 r - an uncursed amulet of rage {unknown}
   (You found it on level 6 of the Dungeon)
 x - a ring of resist corrosion (right front paw)
   (You found it on level 5 of the Dungeon)
Wands
 i - a wand of polymorph (24/24)
   (You found it on level 4 of the Dungeon)
 p - a wand of iceblast (5/15)
   (You found it on level 3 of the Dungeon)
 q - a wand of polymorph (11/24)
   (You found it on level 3 of the Dungeon)
Scrolls
 e - 3 scrolls of immolation {unknown}
 g - 2 scrolls of noise {unknown}
 h - a scroll of torment {unknown}
 n - 3 scrolls of remove curse
 t - 6 scrolls of teleportation {!r}
 u - 3 scrolls of fear {!r}
 y - a scroll of enchant armour {unknown}
Potions
 k - 4 potions of flight
 l - 4 potions of curing
 m - a potion of ambrosia {unknown}
 v - a potion of might {unknown}
 w - 2 potions of brilliance
 z - 3 potions of heal wounds {unknown}
 B - a potion of degeneration {unknown}
 C - a potion of lignification {unknown}
Books
 b - a book of Changes

   Spells                             Type                      Level
   a - Beastly Appendage              Transmutation                1
   b - Sticks to Snakes               Transmutation                2
   c - Spider Form                    Transmutation/Poison         3
   d - Ice Form                       Ice/Transmutation            4
   e - Blade Hands                    Transmutation                5
Comestibles
 c - a bread ration
 f - 3 royal jellies
 o - 4 fruits
 s - a meat ration

Dungeon Overview and Level Annotations

Branches:
Dungeon (7/15)             Temple (0/1) D:7

Altars:
Fedhas
Hepliaklqana
Makhleb
Qazlal
Yredelemnul
Zin

Annotations:
D:7 Gildeon's ghost, novice MiFi


You were on level 7 of the Dungeon.
You were hungry.
You were a creature of crystalline ice.
You visited 1 branch of the dungeon, and saw 7 of its levels.
You also visited: Ossuary.

You collected 353 gold pieces.


Message History

The kobold zombie barely misses you.
You hit the kobold zombie but do no damage.
You pummel the kobold zombie!!
You destroy the kobold zombie!
No target in view!
No target in view!
No target in view! 2 zombies come into view.
There are monsters nearby!
You punch the kobold zombie!
You destroy the kobold zombie!
The adder zombie closely misses you.
You barely miss the adder zombie.
The adder zombie bites you but does no damage.
You punch the adder zombie! The adder zombie barely misses you.
You hit the adder zombie but do no damage.
The adder zombie bites you but does no damage.
You punch the adder zombie!
You destroy the adder zombie!
You open the door.
Found two gates leading back out of this place.
Health restored: 70 You regained 2 mp, and now have 21/24 mp.
You found an arrow trap!
Found five items.
There is an open door here.
No target in view!
Your transformation is almost over.
There is a gate leading back out of this place here.
An arrow shoots out and hits you!
There is an arrow trap here.
You now have 342 gold pieces (gained 8).
Your magical contamination has completely faded away.
h - a scroll labeled LIVEP GEYSUQIF You now have 353 gold pieces (gained 11).
You warm up again.
Your +0 pair of gloves unmelds from your body.
Your +0 pair of boots unmelds from your body.
m - a sedimented sapphire potion You now have 59/59 hp.
z - 2 glowing pink potions (gained 1)
v - a fizzy white potion MP restored: 24
l - 5 potions of curing (gained 1)
t - 6 scrolls of teleportation {!r} (gained 1)
C - an emerald potion
z - 3 glowing pink potions (gained 1)
y - a scroll labeled RAN SILIMURUI
t - 7 scrolls of teleportation {!r} (gained 1)
l - 6 potions of curing (gained 1)
k - 4 potions of flight (gained 1)
There is a gate leading back out of this place here.
There is an open door here.
There is an open door here.
There is a gate leading back out of this place here.
There is an open door here.
There is an open door here.
There is an open door here.
There is an open door here.
Done exploring.
Done exploring.
There is an empty arch of ancient stone here.
There is a gate leading back out of this place here.
Unknown command.
Unknown command.
Unknown command.
Welcome back to the Dungeon!
Level annotation: Gildeon's ghost, novice MiFi Gildeon's ghost hits you!! x2
* * * LOW HITPOINT WARNING * * *
There is a collapsed entrance, spattered with blood here.
You take 36 damage, and have 23/59 hp.
MASSIVE DAMAGE!!
Here: Gildeon's ghost The floor.
Unknown command.
Okay, then.
Unknown command.
Unknown command.
You turn into a creature of crystalline ice.
Your +0 pair of gloves melds into your body.
Your +0 pair of boots melds into your body.
The orc shouts!
Gildeon's ghost hits you but does no damage.
You now have 27/70 hp.
You are feeling hungry.
Gildeon's ghost shouts, "You must not succeed where I failed!"
You hit Gildeon's ghost. You freeze Gildeon's ghost. Gildeon's ghost hits you!!
* * * LOW HITPOINT WARNING * * *
You take 22 damage, and have 6/70 hp.
MASSIVE DAMAGE!!
You feel better.
Gildeon's ghost whispers, "The ORB doesn't exist."
Gildeon's ghost hits you but does no damage.
You regained 6 hp, and now have 12/70 hp.
Really read
t - 7 scrolls of teleportation {!r}?
As you read the scroll of teleportation {!r}, it crumbles to dust.
You feel strangely unstable. Gildeon's ghost hits you!
* * * LOW HITPOINT WARNING * * *
You take 10 damage, and have 2/70 hp.
You feel better. Gildeon's ghost hits you!
You die...

*,*****,* **,*, *,* *,* *****
*,* *,* ***>** *****,*
*,***8,,,8 *,,,,,* *,,**,,,,,
***,*,,,*** ****8,,,,,
*,,,,,,,,,* **,,,,,
*,,,#+#,,,* *8,,,8
******##*,,,#Y#,,,* **,,,,,
*,,,,,....###W###.#*#***8,,,,,
*,*****#..'..o..'.#..,,**,,,,,
*,* ##.###.###o..#*,**8,,,8
*,* #...#.#.....#*,****_** *,*
#...#'#...#,*,,* ***** *,*
#.........#,,,,* **,,*
*,****###(##..#####**,,****,,,
*,,,,,......##.# *,,*,,,,,*


You could see Gildeon's ghost and an orc.

Notes
Turn   | Place    | Note
-------+----------+-------------------------------------------
     0 | D:1      | theanonym the Draconian Transmuter began the quest for the Orb.
     0 | D:1      | Reached XP level 1. HP: 16/16 MP: 3/3
    93 | D:1      | HP: 7/16 [kobold/short sword (2)]
    98 | D:1      | HP: 5/16 [kobold/short sword (1)]
   352 | D:1      | Reached XP level 2. HP: 23/23 MP: 3/5
   365 | D:1      | Learned a level 2 spell: Sticks to Snakes
   459 | D:1      | HP: 11/23 [hobgoblin (2)]
   857 | D:1      | Reached XP level 3. HP: 28/28 MP: 6/6
  1221 | D:1      | Learned a level 3 spell: Spider Form
  1438 | D:2      | Found a hazy altar of Hepliaklqana.
  1817 | D:2      | Reached XP level 4. HP: 35/35 MP: 5/8
  1917 | D:2      | Reached skill level 3 in Transmutations
  2375 | D:3      | Reached skill level 1 in Poison Magic
  2380 | D:3      | HP: 17/35 [adder (2)]
  2384 | D:3      | Reached skill level 3 in Spellcasting
  2385 | D:3      | HP: 12/35 [poisoned by an adder]
  2391 | D:3      | HP: 9/35 [poisoned by an adder]
  2397 | D:3      | HP: 7/35 [poisoned by an adder]
  2405 | D:3      | HP: 5/35 [poisoned by an adder]
  2413 | D:3      | HP: 4/35 [poisoned by an adder]
  3300 | D:3      | Reached XP level 5. HP: 40/40 MP: 6/9
  3350 | D:3      | Reached skill level 4 in Unarmed Combat
  3846 | D:3      | HP: 19/40 [orc priest/divine providence (11)]
  3857 | D:3      | HP: 17/40 [orc priest/hand axe (4)]
  3861 | D:3      | Reached skill level 2 in Poison Magic
  3864 | D:3      | HP: 3/40 [something/puff of frost (8)]
  3869 | D:3      | Reached XP level 6. HP: 5/47 MP: 6/11
  4740 | D:4      | Reached skill level 4 in Transmutations
  4757 | D:4      | Reached skill level 4 in Spellcasting
  4757 | D:4      | Reached skill level 3 in Poison Magic
  4757 | D:4      | Your scales start taking on an icy white colour.
  4757 | D:4      | Reached XP level 7. HP: 29/52 MP: 13/13
  4757 | D:4      | Gained mutation: Your flesh is cold resistant. (rC+) [White Draconian growth]
  5082 | D:4      | Learned a level 4 spell: Ice Form
  5132 | D:4      | Reached skill level 5 in Unarmed Combat
  5147 | D:4      | HP: 26/52 [poisoned by an orc]
  5155 | D:4      | HP: 26/52 [poisoned by an orc]
  5309 | D:4      | Reached skill level 1 in Ice Magic
  5450 | D:5      | Entered Level 5 of the Dungeon
  5451 | D:5      | HP: 24/52 [something/magic dart (5)]
  5456 | D:5      | HP: 12/52 [something (2)]
  6084 | D:5      | Reached skill level 2 in Ice Magic
  6325 | D:5      | Reached skill level 5 in Transmutations
  6360 | D:5      | HP: 17/52 [gnoll/whip (10)]
  6365 | D:5      | HP: 14/52 [gnoll/whip (4)]
  6636 | D:4      | Noticed Blork the orc
  6643 | D:4      | Killed Blork the orc
  6643 | D:4      | Reached XP level 8. HP: 49/59 MP: 15/15
  6923 | D:4      | Reached skill level 3 in Ice Magic
  7192 | D:5      | Reached skill level 5 in Spellcasting
  7256 | D:5      | Found a glowing silver altar of Zin.
  7411 | D:5      | Found a basalt altar of Yredelemnul.
  7574 | D:5      | Found a burning altar of Makhleb.
  7663 | D:6      | Reached skill level 6 in Unarmed Combat
  7663 | D:6      | Reached skill level 4 in Ice Magic
  7782 | D:6      | Noticed Duvessa
  7784 | D:6      | Noticed Dowan
  7788 | D:6      | Killed Duvessa
  7804 | D:6      | Killed Dowan
  7804 | D:6      | Reached skill level 5 in Ice Magic
  8084 | D:6      | Learned a level 5 spell: Blade Hands
  8154 | D:6      | Killed Autsider's ghost
  8159 | D:6      | Found a blossoming altar of Fedhas.
  8178 | D:6      | Reached skill level 6 in Transmutations
  8729 | D:6      | HP: 34/70 [something (2)]
  8947 | D:6      | Found a stormy altar of Qazlal.
  8948 | D:6      | Noticed an air elemental
  9058 | D:7      | Found a sand-covered staircase.
  9061 | D:7      | Noticed Gildeon's ghost (novice MiFi)
  9064 | Ossuary  | Entered an ossuary
  9423 | D:7      | HP: 23/59 [Gildeon's ghost (18)]
  9427 | D:7      | HP: 6/70 [Gildeon's ghost (22)]
  9429 | D:7      | HP: 2/70 [Gildeon's ghost (10)]
  9430 | D:7      | Slain by Gildeon's ghost

Vanquished Creatures
  Duvessa (D:6)
  2 sky beasts
  A black bear (D:4)
  An ogre (D:5)
  A centaur (D:6)
  Blork the orc (D:4)
  Dowan (D:6)
  2 scorpions (D:4)
  A howler monkey (D:7)
  A crimson imp (D:5)
  A jelly (D:5)
  3 orc priests
  2 centaur skeletons (D:4)
  2 hounds (D:5)
  2 iguanas
  10 orc wizards
  3 worker ants
  A hound skeleton (D:4)
  3 mummies (Ossuary)
  A worker ant zombie (D:5)
  11 adders
  4 gnolls (D:5)
  2 shadow imps (D:5)
  2 oozes
  3 adder zombies (Ossuary)
  3 worms (D:2)
  2 dart slugs
  3 leopard geckos
  24 orcs
  3 giant cockroaches
  3 gnoll zombies
  5 goblins
  5 hobgoblins
  4 jackals (D:1)
  2 quokkas
  7 bats
  10 frilled lizards
  A goblin zombie (Ossuary)
  4 hobgoblin zombies (Ossuary)
  2 jackal skeletons
  7 kobolds
  4 kobold zombies (Ossuary)
  A quokka skeleton (D:6)
  2 quokka zombies (Ossuary)
  6 rats
  3 rat zombies (Ossuary)
163 creatures vanquished.

Vanquished Creatures (others)
  The ghost of Autsider the Sneak, a novice VSAs of Dithmenos (D:6)
1 creature vanquished.

Grand Total: 164 creatures vanquished
